General information
- name: BNet
- type: Ladder team game (AT/RT)
- host: Battle.net
- saver: nonent
map: TurtleRock
- players: 4
- length: 11:19
- speed: Fast
- version: 1.23 W3XP
- replay type: Public
» download(47 KB)
Players
team 1 (loser)

»
Cocopufff (
orange | 42 APM | 479 actions | 11:17)
2 Death Knight
1 Death Coil
1 Unholy Aura
» actions
| Assign group hotkey | 10 | |
| Basic commands | 9 | |
| Build / train | 41 | |
| Enter build submenu | 13 | |
| Enter hero's abilities submenu | 2 | |
| Remove unit from queue | 6 | |
| Right click | 175 | |
| Select / deselect | 168 | |
| Select group hotkey | 34 | |
| Use ability | 21 | |
479 total
» units
| Acolyte | 2 | |
| Ghoul | 10 | |
| Crypt Fiend | 6 | |
| Necromancer | 5 | |
23 total
» upgrades
| Unholy Strength | 1 | |
| Necromancer Training | 1 | |
| Skeletal Longevity | 1 | |
| Unholy Armor | 1 | |
4 total
» buildings
| Crypt | 1 | |
| Altar of Darkness | 1 | |
| Ziggurat | 4 | |
| Tomb of Relics | 1 | |
| Nerubian Tower | 1 | |
| Graveyard | 1 | |
| Halls of the Dead | 1 | |
| Temple of the Damned | 2 | |
12 total
» build order
00:16 Crypt
00:25 Altar of Darkness
00:38 Ziggurat
00:54 Ziggurat
01:18 Tomb of Relics
01:46 Nerubian Tower
02:22 Graveyard
04:18 Halls of the Dead
05:09 Ziggurat
05:11 Ziggurat
07:08 Temple of the Damned
07:10 Temple of the Damned
» items
JayL (
blue | 38 APM | 413 actions | 10:56)
2 Priestess of the Moon
1 Trueshot Aura
1 Searing Arrows
» actions
| Assign group hotkey | 4 | |
| Basic commands | 24 | |
| Build / train | 34 | |
| Enter build submenu | 13 | |
| Enter hero's abilities submenu | 2 | |
| Right click | 147 | |
| Select / deselect | 168 | |
| Select group hotkey | 4 | |
| Use ability | 17 | |
413 total
» units
| Wisp | 9 | |
| Archer | 3 | |
| Huntress | 11 | |
| Dryad | 3 | |
26 total
» upgrades
| Strength of the Wild | 2 | |
| Reinforced Hides | 1 | |
| Abolish Magic | 1 | |
4 total
» buildings
| Altar of Elders | 1 | |
| Moon Well | 7 | |
| Ancient of War | 1 | |
| Hunter's Hall | 1 | |
| Tree of Ages | 1 | |
| Ancient of Lore | 2 | |
13 total
» build order
00:16 Altar of Elders
00:21 Moon Well
00:30 Ancient of War
01:51 Hunter's Hall
02:33 Moon Well
02:45 Moon Well
04:10 Moon Well
04:46 Moon Well
05:50 Tree of Ages
08:18 Ancient of Lore
08:34 Ancient of Lore
08:47 Moon Well
09:51 Moon Well
team 2 (winner)
fineX (
teal | 72 APM | 812 actions | 11:17)
5 Tauren Chieftain
3 Shockwave
2 Endurance Aura
» actions
| Assign group hotkey | 43 | |
| Build / train | 38 | |
| Enter build submenu | 11 | |
| Enter hero's abilities submenu | 6 | |
| Right click | 348 | |
| Select / deselect | 120 | |
| Select group hotkey | 218 | |
| Use ability | 28 | |
812 total
» units
| Peon | 7 | |
| Troll Headhunter/Berserker | 11 | |
| Wind Rider | 3 | |
21 total
» upgrades
| Ranged Weapons | 2 | |
| Troll Regeneration | 1 | |
| Envenomed Spears | 1 | |
4 total
» buildings
| Altar of Storms | 1 | |
| Orc Burrow | 5 | |
| Barracks | 1 | |
| War Mill | 1 | |
| Voodoo Lounge | 1 | |
| Stronghold | 1 | |
| Beastiary | 2 | |
| Fortress | 1 | |
13 total
» build order
00:05 Altar of Storms
00:08 Orc Burrow
00:33 Barracks
01:24 War Mill
02:00 Orc Burrow
02:15 Voodoo Lounge
02:31 Orc Burrow
02:37 Orc Burrow
03:49 Stronghold
04:47 Orc Burrow
07:16 Beastiary
07:17 Beastiary
08:35 Fortress
» items
| Healing Salve | 2 | |
| Lesser Clarity Potion | 1 | |
| Potion of Healing | 1 | |
| Scroll of Healing | 1 | |
5 total
nonent (
pink | 89 APM | 1008 actions | 11:19)
5 Blademaster
3 Wind Walk
2 Critical Strike
» actions
| Assign group hotkey | 16 | |
| Build / train | 44 | |
| Enter build submenu | 10 | |
| Enter hero's abilities submenu | 5 | |
| Give item / drop item | 3 | |
| Right click | 413 | |
| Select / deselect | 123 | |
| Select group hotkey | 348 | |
| Use ability | 46 | |
1008 total
» units
| Peon | 8 | |
| Grunt | 8 | |
| Raider | 7 | |
| Demolisher | 1 | |
| Kodo Beast | 1 | |
25 total
» upgrades
| Berserker Strength | 1 | |
| Pillage | 1 | |
| Ensnare | 1 | |
| Melee Weapons | 1 | |
4 total
» buildings
| Orc Burrow | 4 | |
| Altar of Storms | 1 | |
| Barracks | 1 | |
| Stronghold | 1 | |
| Voodoo Lounge | 1 | |
| Beastiary | 2 | |
| War Mill | 1 | |
| Great Hall | 1 | |
12 total
» build order
00:19 Orc Burrow
00:36 Altar of Storms
00:49 Barracks
01:34 Orc Burrow
02:39 Stronghold
03:06 Orc Burrow
04:06 Voodoo Lounge
05:05 Beastiary
05:06 Beastiary
05:32 Orc Burrow
08:09 War Mill
10:22 Great Hall
» items
| Healing Salve | 3 | |
| Scroll of Speed | 2 | |
| Circlet of Nobility | 1 | |
| Lesser Clarity Potion | 1 | |
| Scroll of Healing | 1 | |
8 total
Chat log
(00:04 / All) nonent: gl hf
(00:23 / Allies) fineX: jayl has a teerible stats
(00:32 / Allies) nonent: wowowowowow
(00:56 / Allies) nonent: ally 50%
(01:47 / All) nonent: my buddy has a lizard
(01:52 / All) nonent: a NIGUANA
(01:53 / All) fineX: ya i do
(02:00 / All) JayL: thats sick
(02:02 / All) fineX: it eat nigr
(02:04 / All) fineX: for brekfst
(02:05 / All) fineX: for lunch
(02:07 / All) fineX: and nigr but for dinr
(02:13 / All) nonent: NIGR BUT
(02:15 / All) JayL: okay?
(02:18 / All) fineX: it also ate all my vowels
(02:20 / All) fineX: if youre wondering
(03:06 / Allies) fineX: noobs
(03:18 / All) nonent: boons
(03:55 / Allies) nonent: not bad
(04:32 / Allies) fineX: got gloves for u
(04:35 / Allies) nonent: sweet
(05:14 / Allies) nonent: gonna heal
(05:20 / Allies) nonent: then that
(05:23 / Allies) fineX: k
(05:43 / All) nonent: 420 lets roll
(06:08 / Allies) nonent: lmao
(06:11 / Allies) fineX: grab
(06:28 / Allies) fineX: we not run?
(06:32 / Allies) nonent: nah
(07:03 / Allies) nonent: im b
(07:10 / Allies) fineX: i grabbed tome
(07:12 / Allies) fineX: so they couldnt
(07:13 / Allies) fineX: sorry
(07:17 / Allies) nonent: its good
(07:36 / Allies) nonent: they were tier one rush
(07:39 / Allies) nonent: now we own with 2
(07:41 / Allies) fineX: ya
(07:44 / Allies) fineX: wyverns comin
(08:58 / Allies) fineX: buy heal scroll
(09:01 / Allies) nonent: healing then we roll
(09:02 / Allies) nonent: sure
(09:30 / Allies) fineX: i got 1
(09:38 / Allies) nonent: i will 2
(09:44 / Allies) nonent: k
(10:01 / Allies) fineX: no aa again
(10:34 / Allies) nonent: hall
(10:34 / Allies) fineX: lol trap
(10:43 / Allies) fineX: fucked up wave
(10:59 / Allies) nonent: sweet
(11:01 / All) fineX: GG
(11:16 / Allies) nonent: dig the aoe shit